General information
- name: BNet
- type: Ladder team game (AT/RT)
- host: Battle.net
- saver: Momoiro_Omnio
map: Deadlands
- players: 8
- length: 10:08
- speed: Fast
- version: 1.26 W3XP
- replay type: Public
» download(42 KB)
Players
team 1 (loser)
RicardoUm (
red | 35 APM | 297 actions | 08:35)
2 Mountain King
1 Storm Bolt
1 Bash
» actions
| Assign group hotkey | 14 | |
| Build / train | 32 | |
| Enter build submenu | 17 | |
| Enter hero's abilities submenu | 2 | |
| Right click | 73 | |
| Select / deselect | 72 | |
| Select group hotkey | 59 | |
| Use ability | 28 | |
297 total
» units
» upgrades
» buildings
| Farm | 8 | |
| Altar of Kings | 1 | |
| Barracks | 1 | |
| Lumber Mill | 1 | |
| Scout Tower | 1 | |
| Arcane Vault | 1 | |
| Blacksmith | 1 | |
| Arcane Tower | 1 | |
| Keep | 1 | |
| Town Hall | 1 | |
| Gryphon Aviary | 2 | |
19 total
» build order
00:12 Farm
00:14 Altar of Kings
00:54 Farm
01:10 Barracks
01:42 Lumber Mill
01:58 Farm
02:14 Scout Tower
02:39 Arcane Vault
02:44 Blacksmith
03:36 Farm
03:38 Arcane Tower
04:21 Farm
05:21 Farm
05:23 Keep
06:03 Farm
07:55 Town Hall
08:08 Farm
08:16 Gryphon Aviary
08:24 Gryphon Aviary
» items

»
Major-Johnson (
purple | 33 APM | 281 actions | 08:35)
3 Dreadlord
2 Vampiric Aura
1 Carrion Swarm
» actions
| Basic commands | 5 | |
| Build / train | 35 | |
| Enter build submenu | 9 | |
| Enter hero's abilities submenu | 3 | |
| Remove unit from queue | 2 | |
| Right click | 127 | |
| Select / deselect | 91 | |
| Use ability | 9 | |
281 total
» units
» upgrades
| Unholy Strength | 2 | |
| Unholy Armor | 2 | |
| Creature Attack | 1 | |
| Creature Carapace | 0 | |
5 total
» buildings
| Crypt | 1 | |
| Altar of Darkness | 1 | |
| Ziggurat | 4 | |
| Graveyard | 1 | |
| Nerubian Tower | 2 | |
| Spirit Tower | 1 | |
| Halls of the Dead | 1 | |
| Temple of the Damned | 1 | |
| Black Citadel | 1 | |
13 total
» build order
00:26 Crypt
00:32 Altar of Darkness
00:39 Ziggurat
01:12 Graveyard
01:21 Ziggurat
01:50 Nerubian Tower
01:50 Nerubian Tower
02:41 Spirit Tower
03:24 Ziggurat
05:12 Halls of the Dead
05:42 Ziggurat
08:08 Temple of the Damned
08:10 Black Citadel
faast (
green | 34 APM | 289 actions | 08:35)
2 Mountain King
1 Storm Bolt
1 Bash
1 Paladin
1 Holy Light
» actions
| Build / train | 28 | |
| Enter build submenu | 14 | |
| Enter hero's abilities submenu | 3 | |
| Remove unit from queue | 1 | |
| Right click | 96 | |
| Select / deselect | 127 | |
| Use ability | 20 | |
289 total
» units
| Peasant | 7 | |
| Footman | 5 | |
| Rifleman | 2 | |
14 total
» upgrades
| Masonry | 1 | |
| Swords | 1 | |
| Plating | 1 | |
| Gunpowder | 1 | |
| Lumber Harvesting | 1 | |
5 total
» buildings
| Altar of Kings | 1 | |
| Barracks | 1 | |
| Farm | 4 | |
| Lumber Mill | 1 | |
| Blacksmith | 1 | |
| Keep | 1 | |
| Scout Tower | 4 | |
| Guard Tower | 2 | |
| Castle | 1 | |
| Arcane Vault | 1 | |
| Workshop | 1 | |
18 total
» build order
00:33 Altar of Kings
00:36 Barracks
00:58 Farm
01:31 Farm
02:09 Farm
02:32 Farm
03:18 Lumber Mill
03:24 Blacksmith
04:29 Keep
04:37 Scout Tower
05:16 Guard Tower
05:18 Scout Tower
05:56 Guard Tower
07:09 Castle
07:22 Arcane Vault
08:19 Workshop
08:29 Scout Tower
08:30 Scout Tower

»
ButtScratcher (
blue | 7 APM | 63 actions | 08:35)
» actions
| Build / train | 22 | |
| Enter build submenu | 8 | |
| Right click | 4 | |
| Select / deselect | 23 | |
| Use ability | 6 | |
63 total
» units
» upgrades
| Ultravision | 1 | |
| Strength of the Wild | 1 | |
| Reinforced Hides | 1 | |
3 total
» buildings
| Moon Well | 4 | |
| Altar of Elders | 1 | |
| Hunter's Hall | 1 | |
| Tree of Ages | 1 | |
7 total
» build order
00:33 Moon Well
00:52 Moon Well
05:46 Altar of Elders
06:07 Hunter's Hall
06:45 Moon Well
07:19 Tree of Ages
07:27 Moon Well
team 2 (winner)
Momoiro_Omnio (
pink | 11 APM | 113 actions | 10:08)
» actions
| Basic commands | 16 | |
| ESC pressed | 2 | |
| Right click | 60 | |
| Select / deselect | 26 | |
| Use ability | 9 | |
113 total
All4sPlayaIsNub (
teal | 2349 APM | 20170 actions | 08:35)
» actions
| Assign group hotkey | 1 | |
| Basic commands | 5 | |
| Build / train | 31 | |
| Enter build submenu | 13 | |
| Right click | 5 | |
| Select / deselect | 31 | |
| Select group hotkey | 1 | |
| Use ability | 20083 | |
20170 total
» units
» buildings
| Orc Burrow | 1 | |
| War Mill | 1 | |
| Watch Tower | 9 | |
11 total
» build order
00:56 Orc Burrow
00:58 War Mill
02:15 Watch Tower
02:24 Watch Tower
02:55 Watch Tower
03:01 Watch Tower
03:50 Watch Tower
03:54 Watch Tower
04:41 Watch Tower
04:44 Watch Tower
04:47 Watch Tower
SexyGuy (
yellow | 13 APM | 113 actions | 08:35)
» actions
| Basic commands | 6 | |
| Build / train | 33 | |
| Enter build submenu | 13 | |
| Remove unit from queue | 1 | |
| Right click | 8 | |
| Select / deselect | 42 | |
| Use ability | 10 | |
113 total
» units
» buildings
| Scout Tower | 8 | |
| Lumber Mill | 1 | |
| Farm | 1 | |
| Guard Tower | 10 | |
20 total
» build order
00:25 Scout Tower
00:28 Lumber Mill
00:32 Farm
01:28 Guard Tower
01:28 Guard Tower
01:30 Scout Tower
01:32 Scout Tower
02:02 Guard Tower
02:29 Guard Tower
02:33 Scout Tower
02:34 Scout Tower
02:36 Scout Tower
03:06 Guard Tower
03:08 Scout Tower
03:14 Guard Tower
03:24 Guard Tower
03:38 Guard Tower
03:41 Scout Tower

»
I_love (
orange | 30 APM | 24 actions | 00:48)
» actions
| Build / train | 3 | |
| Enter build submenu | 2 | |
| Right click | 11 | |
| Select / deselect | 6 | |
| Use ability | 2 | |
24 total
» units
» buildings
| Altar of Darkness | 1 | |
| Ziggurat | 1 | |
2 total
» build order
00:12 Altar of Darkness
00:16 Ziggurat
Chat log
(00:07 / All) Momoiro_Omnio: good for the pros on your team
(00:09 / All) Momoiro_Omnio: free win
(00:26 / All) Momoiro_Omnio: I'm backstabbing right now
(00:33 / All) I_love: or for people who start a new name
(00:42 / All) ButtScratcher: im going to fuck off
(00:43 / All) I_love: cuz he doesn't know that's possible
(00:46 / All) ButtScratcher: so brb
(00:48 / Allies) All4sPlayaIsNub: why bs?
(01:09 / Allies) Momoiro_Omnio: because
(01:13 / Allies) Momoiro_Omnio: to win more with elf
(01:16 / Allies) Momoiro_Omnio: that's why
(01:23 / Allies) SexyGuy: we all new accts anyways. just means we all have rto search for 10mins haha
(01:58 / All) Momoiro_Omnio: 4v2
(03:04 / All) Momoiro_Omnio: wow
(03:08 / All) Momoiro_Omnio: EXP sharer!
(03:19 / All) Momoiro_Omnio: dreadlord had gotten level 2 by now
(03:23 / All) Momoiro_Omnio: had you not tpd
(03:41 / All) Momoiro_Omnio: he didn't needed your help
(03:52 / All) faast: shut your pie hole loser
(05:58 / All) ButtScratcher: ok im back
(06:03 / All) ButtScratcher: what did i miss?
(06:23 / All) ButtScratcher: no way!
(07:09 / All) ButtScratcher: who has the drop hack bitches!
(07:33 / Allies) All4sPlayaIsNub: i do. may as well drop them all because its not a game anyways
(07:43 / Allies) All4sPlayaIsNub: its what i do whne some1 stabs
(07:53 / Allies) All4sPlayaIsNub: sorry u dont get that loss bro haha